TOP OF THE 1ST |
Eau Claire Esquires batting - Pitching for Colorado Commanders : RHP Stephen Horton
|
Pitching: RHP Stephen Horton
|
|
Batting: SHB José Gonzáles
|
0-0: Ball 1-0: Called Strike 1-1: Foul Ball, location: 2F 1-2: Ground out 6-3 (Groundball, 56)
|
Batting: RHB Pedro García
|
0-0: Ball 1-0: Ball 2-0: Foul Ball, location: 2F 2-1: Foul Ball, location: 2F 2-2: Foul Ball, location: 2F 2-2: Strikes out swinging
|
Batting: RHB Jason Stover
|
0-0: Swinging Strike 0-1: Ball 1-1: SINGLE (Flyball, 7LS)
|
Batting: RHB Kyle McIntyre
|
0-0: SINGLE (Line Drive, 34D) Jason Stover to second Runner from 2nd tries for 3rd, SAFE, throw made to third
|
Batting: RHB Chris Whittier
|
0-0: Called Strike 0-1: Ball 1-1: Fly out, F8 (Flyball, 89M)
|
Top of the 1st over - 0 run(s), 2 hit(s), 0 error(s), 2 left on base; Eau Claire 0 - Colorado 0 |
BOTTOM OF THE 1ST |
Colorado Commanders batting - Pitching for Eau Claire Esquires : LHP Tim Davidson
|
Pitching: LHP Tim Davidson
|
|
Batting: RHB Carl O'Dell
|
0-0: Called Strike 0-1: Ball 1-1: Called Strike 1-2: Ground out 5-3 (Groundball, 56S)
|
Batting: RHB Alberto Soto
|
0-0: Ball 1-0: DOUBLE (Line Drive, 7D)
|
Batting: RHB Frank Martínez
|
0-0: Called Strike 0-1: Ball Alberto Soto is caught stealing 3rd base 1-1: Fly out, F8 (Line Drive, 8LM)
|
Bottom of the 1st over - 0 run(s), 1 hit(s), 0 error(s), 0 left on base; Eau Claire 0 - Colorado 0 |
TOP OF THE 2ND |
Eau Claire Esquires batting - Pitching for Colorado Commanders : RHP Stephen Horton
|
Batting: LHB Miguel Arteaga
|
0-0: Called Strike 0-1: Ball 1-1: Swinging Strike 1-2: Strikes out swinging
|
Batting: RHB Chet White
|
0-0: Called Strike 0-1: Foul Ball, location: 2F 0-2: Fly out, F7 (Line Drive, 7LS)
|
Batting: RHB Francisco Fernández
|
0-0: Ball 1-0: Called Strike 1-1: Called Strike 1-2: DOUBLE (Groundball, 5L)
|
Batting: RHB Dave Anderson
|
0-0: Ball 1-0: Called Strike 1-1: Ground out 5-3 (Groundball, 56)
|
Top of the 2nd over - 0 run(s), 1 hit(s), 0 error(s), 1 left on base; Eau Claire 0 - Colorado 0 |
BOTTOM OF THE 2ND |
Colorado Commanders batting - Pitching for Eau Claire Esquires : LHP Tim Davidson
|
Batting: RHB Félix Campos
|
0-0: Ball 1-0: Called Strike 1-1: Called Strike 1-2: Foul Ball, location: 2F 1-2: Ground out 6-3 (Groundball, 6M)
|
Batting: RHB Mike Martin
|
0-0: Foul Ball, location: 2F 0-1: Swinging Strike 0-2: Strikes out swinging
|
Batting: RHB Nick Crosby
|
0-0: Called Strike 0-1: Ball 1-1: Ball 2-1: Ball 3-1: SINGLE (Line Drive, 8RS)
|
Batting: SHB Ed Dundee
|
0-0: Ball 1-0: SINGLE (Flyball, 8LS) Nick Crosby to second Runner from 2nd tries for 3rd, SAFE, no throw
|
Batting: RHB Tony Barton
|
0-0: Ball 1-0: Called Strike 1-1: Foul Ball, location: 2F 1-2: Strikes out looking
|
Bottom of the 2nd over - 0 run(s), 2 hit(s), 0 error(s), 2 left on base; Eau Claire 0 - Colorado 0 |
TOP OF THE 3RD |
Eau Claire Esquires batting - Pitching for Colorado Commanders : RHP Stephen Horton
|
Batting: SHB José Gonzáles
|
0-0: Ball 1-0: Swinging Strike 1-1: Swinging Strike 1-2: Strikes out swinging
|
Batting: RHB Pedro García
|
0-0: Ball 1-0: Called Strike 1-1: Foul Ball, location: 2F 1-2: Strikes out looking
|
Batting: RHB Jason Stover
|
0-0: Called Strike 0-1: Ball 1-1: Ball 2-1: Swinging Strike 2-2: SINGLE (Line Drive, 9S)
|
Batting: RHB Kyle McIntyre
|
0-0: Ball 1-0: Ball 2-0: Called Strike 2-1: Foul Ball, location: 2F 2-2: Strikes out swinging
|
Top of the 3rd over - 0 run(s), 1 hit(s), 0 error(s), 1 left on base; Eau Claire 0 - Colorado 0 |
BOTTOM OF THE 3RD |
Colorado Commanders batting - Pitching for Eau Claire Esquires : LHP Tim Davidson
|
Batting: RHB Eliot James
|
0-0: Ball 1-0: Ball 2-0: Ball 3-0: Base on Balls
|
Batting: RHB Carl O'Dell
|
0-0: Called Strike 0-1: Ball 1-1: Swinging Strike 1-2: Ball 2-2: Strikes out looking
|
Batting: RHB Alberto Soto
|
0-0: 2-RUN HOME RUN (Flyball, 7D), Distance : 361 ft
|
Batting: RHB Frank Martínez
|
0-0: Called Strike 0-1: Ball 1-1: Foul Ball, location: 2F 1-2: Ground out 6-3 (Groundball, 6)
|
Batting: RHB Félix Campos
|
0-0: Foul Ball, location: 2F 0-1: Ball 1-1: SINGLE (Groundball, 56D)
|
Batting: RHB Mike Martin
|
0-0: Ball Félix Campos is caught stealing 2nd base
|
Bottom of the 3rd over - 2 run(s), 2 hit(s), 0 error(s), 0 left on base; Eau Claire 0 - Colorado 2 |
TOP OF THE 4TH |
Eau Claire Esquires batting - Pitching for Colorado Commanders : RHP Stephen Horton
|
Batting: RHB Chris Whittier
|
0-0: Ball 1-0: Foul Ball, location: 2F 1-1: Swinging Strike 1-2: Strikes out swinging, 2-3 out at first.
|
Batting: LHB Miguel Arteaga
|
0-0: Called Strike 0-1: Fly out, F8 (Line Drive, 89S)
|
Batting: RHB Chet White
|
0-0: Swinging Strike 0-1: Called Strike 0-2: Ground out 6-3 (Groundball, 6)
|
Top of the 4th over - 0 run(s), 0 hit(s), 0 error(s), 0 left on base; Eau Claire 0 - Colorado 2 |
BOTTOM OF THE 4TH |
Colorado Commanders batting - Pitching for Eau Claire Esquires : LHP Tim Davidson
|
Batting: RHB Mike Martin
|
0-0: Ball 1-0: SINGLE (Groundball, 6MD)
|
Batting: RHB Nick Crosby
|
0-0: Ball 1-0: SINGLE (Line Drive, 4M) Mike Martin to second
|
Batting: SHB Ed Dundee
|
0-0: Foul Ball, location: 2F 0-1: Foul Ball, location: 2F 0-2: Foul Ball, location: 2F 0-2: Ball 1-2: Foul Ball, location: 2F 1-2: Ball 2-2: Foul Ball, location: 2F 2-2: Foul Ball, location: 2F 2-2: Strikes out swinging
|
Batting: RHB Tony Barton
|
0-0: Grounds into double play, 4-6-3 (Groundball, 34)
|
Bottom of the 4th over - 0 run(s), 2 hit(s), 0 error(s), 1 left on base; Eau Claire 0 - Colorado 2 |
TOP OF THE 5TH |
Eau Claire Esquires batting - Pitching for Colorado Commanders : RHP Stephen Horton
|
Batting: RHB Francisco Fernández
|
0-0: Called Strike 0-1: Ball 1-1: Ground out 6-3 (Groundball, 6)
|
Batting: RHB Dave Anderson
|
0-0: Called Strike 0-1: Ball 1-1: Called Strike 1-2: Strikes out swinging
|
Batting: SHB José Gonzáles
|
0-0: Ball 1-0: Swinging Strike 1-1: Hit by Pitch
|
Batting: RHB Pedro García
|
0-0: Ball 1-0: Foul Ball, location: 2F 1-1: 2-RUN HOME RUN (Flyball, 7D), Distance : 362 ft
|
Batting: RHB Jason Stover
|
0-0: Called Strike 0-1: Ball 1-1: Called Strike 1-2: Ball 2-2: Foul Ball, location: 2F 2-2: Strikes out swinging
|
Top of the 5th over - 2 run(s), 1 hit(s), 0 error(s), 0 left on base; Eau Claire 2 - Colorado 2 |
BOTTOM OF THE 5TH |
Colorado Commanders batting - Pitching for Eau Claire Esquires : LHP Tim Davidson
|
Batting: RHB Eliot James
|
0-0: Ball 1-0: Called Strike 1-1: Foul Ball, location: 2F 1-2: Ball 2-2: Fly out, F9 (Flyball, 9S)
|
Batting: RHB Carl O'Dell
|
0-0: Ball 1-0: Ball 2-0: Called Strike 2-1: Ball 3-1: Base on Balls
|
Batting: RHB Alberto Soto
|
0-0: Ball 1-0: Ball 2-0: Ball 3-0: Called Strike 3-1: Swinging Strike 3-2: Ground out 5-3 (Groundball, 56S) Carl O'Dell to second
|
Batting: RHB Frank Martínez
|
0-0: Called Strike 0-1: Ball 1-1: SINGLE (Groundball, 56S) (infield hit) Carl O'Dell to third
|
Batting: RHB Félix Campos
|
0-0: Foul Ball, location: 2F 0-1: Swinging Strike 0-2: Foul Ball, location: 2F 0-2: Ball 1-2: Strikes out swinging
|
Bottom of the 5th over - 0 run(s), 1 hit(s), 0 error(s), 2 left on base; Eau Claire 2 - Colorado 2 |
TOP OF THE 6TH |
Eau Claire Esquires batting - Pitching for Colorado Commanders : RHP Stephen Horton
|
Batting: RHB Kyle McIntyre
|
0-0: Swinging Strike 0-1: Swinging Strike 0-2: Ball 1-2: Strikes out swinging
|
Batting: RHB Chris Whittier
|
0-0: Foul Ball, location: 2F 0-1: Foul Ball, location: 2F 0-2: Ball 1-2: Foul Ball, location: 2F 1-2: Strikes out looking
|
Batting: LHB Miguel Arteaga
|
0-0: Foul Ball, location: 2F 0-1: Reached on error, E2 (Popup, 34S)
|
Pitching: RHP José Deleón
|
|
Batting: RHB Chet White
|
0-0: Ball Miguel Arteaga is caught stealing 2nd base
|
Top of the 6th over - 0 run(s), 0 hit(s), 1 error(s), 0 left on base; Eau Claire 2 - Colorado 2 |
BOTTOM OF THE 6TH |
Colorado Commanders batting - Pitching for Eau Claire Esquires : LHP Tim Davidson
|
Batting: RHB Mike Martin
|
0-0: Fly out, F9 (Flyball, 9LS)
|
Pitching: RHP Tom Emery
|
|
Batting: RHB Nick Crosby
|
0-0: Ball 1-0: Ball 2-0: Foul Ball, location: 2F 2-1: Foul Ball, location: 2F 2-2: Foul Ball, location: 2F 2-2: Ball 3-2: Foul Ball, location: 2F 3-2: Foul Ball, location: 2F 3-2: Fly out, F6 (Popup, 6)
|
Batting: SHB Ed Dundee
|
0-0: Ball 1-0: Called Strike 1-1: TRIPLE (Line Drive, 8RD)
|
Batting: RHB Tony Barton
|
0-0: Called Strike 0-1: Called Strike 0-2: Ball 1-2: Ball 2-2: Foul Ball, location: 2F 2-2: Ball 3-2: SINGLE (Groundball, 34D) Ed Dundee scores
|
Batting: RHB Eliot James
|
0-0: Ball 1-0: Reached on error, E5 (Groundball, 5L) Tony Barton to second
|
Batting: RHB Carl O'Dell
|
0-0: Swinging Strike 0-1: Fly out, F9 (Flyball, 9)
|
Bottom of the 6th over - 1 run(s), 2 hit(s), 1 error(s), 2 left on base; Eau Claire 2 - Colorado 3 |
TOP OF THE 7TH |
Eau Claire Esquires batting - Pitching for Colorado Commanders : RHP José Deleón
|
Batting: RHB Chet White
|
0-0: Ball 1-0: Ball 2-0: Foul Ball, location: 2F 2-1: Ball 3-1: Base on Balls
|
Batting: RHB Francisco Fernández
|
0-0: Called Strike 0-1: Foul Ball, location: 2F 0-2: Foul Ball, location: 2F 0-2: Strikes out swinging
|
Pinch Hitting: LHB Earl Wigfall
|
0-0: Ball 1-0: Ball 2-0: Fly out, F3 (Popup, 3L)
|
Batting: SHB José Gonzáles
|
0-0: Called Strike 0-1: Ball 1-1: Ball 2-1: Foul Ball, location: 2F 2-2: Strikes out swinging
|
Top of the 7th over - 0 run(s), 0 hit(s), 0 error(s), 1 left on base; Eau Claire 2 - Colorado 3 |
BOTTOM OF THE 7TH |
Colorado Commanders batting - Pitching for Eau Claire Esquires : RHP Tom Emery
|
Now in CF: Earl Wigfall
|
|
Batting: RHB Alberto Soto
|
0-0: Hit by Pitch
|
Pinch Hitting: LHB Arturo Rodledo
|
0-0: Ball 1-0: Foul Ball, location: 2F 1-1: Ball 2-1: Called Strike 2-2: Strikes out swinging
|
Pinch Hitting: LHB Luis Torres
|
0-0: Called Strike 0-1: Foul Ball, location: 2F 0-2: Ball 1-2: Ball Wild Pitch! Alberto Soto to second 2-2: Foul Ball, location: 2F 2-2: Foul Ball, location: 2F 2-2: Foul Ball, location: 2F 2-2: Ball 3-2: Strikes out swinging
|
Batting: RHB Mike Martin
|
0-0: Ball 1-0: Ball 2-0: Ball 3-0: Base on Balls
|
Pinch Hitting: RHB Chris Rice
|
0-0: Ball Alberto Soto steals 3rd base Mike Martin to second 1-0: Swinging Strike 1-1: Ball 2-1: Ball 3-1: Base on Balls
|
Pitching: RHP Dave Martin
|
|
Pinch Hitting: SHB Pancho Vásquez
|
0-0: Called Strike 0-1: Fly out, F7 (Flyball, 78M)
|
Bottom of the 7th over - 0 run(s), 0 hit(s), 0 error(s), 3 left on base; Eau Claire 2 - Colorado 3 |
TOP OF THE 8TH |
Eau Claire Esquires batting - Pitching for Colorado Commanders : RHP José Deleón
|
Now at 1B: Arturo Rodledo
|
|
Now at SS: Alfonso Flores
|
|
Now in LF: Luis Torres
|
|
Now in RF: Pancho Vásquez
|
|
Batting: RHB Pedro García
|
0-0: Ball 1-0: Ball 2-0: Fly out, F2 (Popup, 13)
|
Batting: RHB Jason Stover
|
0-0: Ball 1-0: SINGLE (Line Drive, 78M)
|
Batting: RHB Kyle McIntyre
|
0-0: Called Strike 0-1: Called Strike 0-2: Foul Ball, location: 2F 0-2: Strikes out looking
|
Batting: RHB Chris Whittier
|
0-0: Ball 1-0: Fielders Choice at 2nd, 5-4 (Groundball, 56)
|
Top of the 8th over - 0 run(s), 1 hit(s), 0 error(s), 0 left on base; Eau Claire 2 - Colorado 3 |
BOTTOM OF THE 8TH |
Colorado Commanders batting - Pitching for Eau Claire Esquires : RHP Dave Martin
|
Batting: RHB Tony Barton
|
0-0: Ball 1-0: Called Strike 1-1: Fly out, F5 (Line Drive, 5)
|
Batting: RHB Eliot James
|
0-0: Foul Ball, location: 2F 0-1: Foul Ball, location: 2F 0-2: Ball 1-2: Ball 2-2: Foul Ball, location: 2F 2-2: Ball 3-2: Foul Ball, location: 2F 3-2: Base on Balls
|
Pinch Hitting: RHB Kyle Vélez
|
0-0: Ball 1-0: Called Strike 1-1: Swinging Strike 1-2: Ball Wild Pitch! Eliot James to second 2-2: Strikes out swinging
|
Batting: RHB Alberto Soto
|
0-0: Foul Ball, location: 2F 0-1: Ball 1-1: Ball 2-1: Ball 3-1: Called Strike 3-2: Base on Balls
|
Batting: LHB Arturo Rodledo
|
0-0: Fly out, F7 (Flyball, 7LD)
|
Bottom of the 8th over - 0 run(s), 0 hit(s), 0 error(s), 2 left on base; Eau Claire 2 - Colorado 3 |
TOP OF THE 9TH |
Eau Claire Esquires batting - Pitching for Colorado Commanders : RHP José Deleón
|
Pitching: RHP Juan Mesa
|
|
Now at 2B: Roberto Rodríguez
|
|
Now in CF: Rafael López
|
|
Batting: LHB Miguel Arteaga
|
0-0: Called Strike 0-1: Called Strike 0-2: Ball 1-2: Ground out U3 (Groundball, 34)
|
Pinch Hitting: SHB José García
|
0-0: Swinging Strike 0-1: Called Strike 0-2: Foul Ball, location: 2F 0-2: Foul Ball, location: 2F 0-2: Ball 1-2: Strikes out swinging
|
Batting: RHB Francisco Fernández
|
0-0: Called Strike 0-1: Ball 1-1: Fly out, F4 (Popup, 4D)
|
Top of the 9th over - 0 run(s), 0 hit(s), 0 error(s), 0 left on base; Eau Claire 2 - Colorado 3 |
|